 Dungeon Crawl Stone Soup version 0.32-a0-933-ga8fa3634e4 (webtiles) character file.

Game seed: 13918937774925306977

4498 Heh the Carver (level 10, -1/84 HPs)
             Began as a Coglin Gladiator on Apr 15, 2024.
             Was a Believer of Beogh.
             Slain by an orc warrior
             ... wielding a +0 battleaxe
              (12 damage)
             ... on level 9 of the Dungeon.
             The game lasted 00:10:19 (8048 turns).

Heh the Carver (Coglin Gladiator)                   Turns: 8048, Time: 00:10:19

Health: -1/84      AC:  9    Str: 14    XL:     10   Next: 38%
Magic:  10/10      EV: 11    Int:  9    God:    Beogh [**....]
Gold:   1116       SH:  0    Dex: 19    Spells: 9/9 levels left

rFire   . . .        a - +0 long sword (flame) {Akal}
rCold   . . .        d - +0 scimitar (distort) {Gyeongja}
rNeg    . . .        y - +0 ring mail
rPois   .            c - +1 helmet
rElec   .            C - +0 cloak
rCorr   .            l - +0 pair of gloves
SInv    .            (no boots)
Will    .....        (amulet unavailable)
Stlth   +            (ring unavailable)
HPRegen 0.34/turn    (ring unavailable)
MPRegen 0.12/turn    (no gizmo)

%: no passive effects
@: mighty, spiked, attractive, slowed, very slow
A: off-hand wielding, slow wielding, warmup strikes, no jewellery
a: Invent Gizmo, Renounce Religion, Smiting


You were on level 9 of the Dungeon.
You worshipped Beogh.
Beogh was pleased with you.
You visited 1 branch of the dungeon, and saw 9 of its levels.

You collected 1298 gold pieces.
You spent 182 gold pieces at shops.

Inventory:

Hand Weapons
 a - a +0 long sword of flaming (weapon) {Akal}
 d - a +0 scimitar of distortion (offhand) {Gyeongja}
 f - a +0 dagger {Chang}
Missiles
 h - a javelin (quivered)
Armour
 b - a +0 leather armour
 c - a +1 helmet (worn)
 k - a +0 scale mail
 l - a +0 pair of gloves (worn)
 y - a +0 ring mail (worn)
 C - a +0 cloak (worn)
Wands
 x - a wand of light (3)
 z - a wand of paralysis (14)
Scrolls
 e - 4 scrolls of teleportation {unknown}
 g - 2 scrolls of poison {unknown}
 i - 2 scrolls of vulnerability {unknown}
 j - 6 scrolls of identify {unknown}
 n - 2 scrolls of silence {unknown}
 q - 2 scrolls of enchant weapon {unknown}
 r - 2 scrolls of blinking
 u - a scroll of immolation {unknown}
 B - a scroll of fog {unknown}
Potions
 m - a potion of invisibility {unknown}
 o - a potion of enlightenment {unknown}
 p - a potion of might
 t - a potion of haste
 w - a potion of cancellation {unknown}
 A - a potion of heal wounds {unknown}
 D - a potion of lignification


   Skills:
 + Level 9.7 Fighting
 * Level 11.7 Long Blades
 - Level 1.7 Throwing
 + Level 3.2 Dodging


You had 9 spell levels left.
You didn't know any spells.
Your spell library contained the following spells:

 Spells                   Type           Power      Damage    Failure   Level
 Stone Arrow              Conj/Erth      0%         3d7       94%         3
 Animate Armour           Summ/Erth      0%         N/A       100%        4
 Lehudib's Crystal Spear  Conj/Erth      0%         10d2      100%        8


Dungeon Overview and Level Annotations

Branches:
Dungeon (9/15)             Temple (0/1) D:5
   Lair: D:8-11         Orc: D:9-12

Altars:
Fedhas
Gozag
Kikubaaqudgha
Qazlal
Xom
Zin
The Shining One

Shops:
D:1 ?(   D:4 (

Annotations:
Abyss:1 Eustachio, Maggie


Innate Abilities, Weirdness & Mutations

Your facial features look somewhat orcish.
You can wield a second weapon in your off-hand.
It takes a long time for you to wield or remove held weapons.
Your first few attacks do less damage.
You cannot equip rings or amulets.


Message History

You feel very sick.
The kobold demonologist mumbles some strange words.
The red devil hits you from afar with a +0 demon trident!
* * * LOW HITPOINT WARNING * * *
More barbed spikes become lodged in your body.
The kobold demonologist casts a spell.
The kobold attacks as it pursues you! The kobold hits you but does no damage.
The orc warrior closely misses you.
It was a potion of curing.
You feel better.
The shadow imp disappears in a puff of smoke!
The red devil hits you from afar with a +0 demon trident!
* * * LOW HITPOINT WARNING * * *
More barbed spikes become lodged in your body.
The orc warrior closely misses you. The kobold completely misses you.
The white imp shouts, "Slither home, thou rank toad-spotted varlet!"
It was a potion of might.
You feel very mighty all of a sudden.
The shadow imp hits you but does no damage.
The orc warrior closely misses you. The kobold hits you but does no damage.
A killer bee comes into view.
The red devil misses you.
The shadow imp hits you but does no damage.
The orc warrior barely misses you.
The shadow imp shouts, "Scamper hence, thou yeasty ditch-delivered strumpet!"
The red devil hits you but does no damage.
The kobold hits you but does no damage.
You feel better.
The kobold brigand is no longer blind.
The red devil hits you from afar with a +0 demon trident!
* * * LOW HITPOINT WARNING * * *
More barbed spikes become lodged in your body.
The shadow imp hits you.
* * * LOW HITPOINT WARNING * * *
The orc warrior hits you with a +0 battleaxe!
* * * LOW HITPOINT WARNING * * *
The kobold hits you but does no damage.
It was a potion of attraction.
You feel attractive to monsters.
The orc warrior hits you with a +0 battleaxe!
You die...
Beogh appreciates the orc warrior's killing of a heretic priest.

..... ..... ..y.
..... .5K #..ß.ß
yy##......
.#####{y#...ß.ß
....#.KK5..#
......5.4###
......KKK..#
......5o@..##
.......o..(.#...
........<.......
................
................
................
.#...........###
##..........#
##.........#


You could see 3 kobold demonologists, a red devil (summoned), an orc warrior, 2
kobold brigands, 4 killer bees, a white imp (summoned), 3 shadow imps, a kobold
and a neutral orc priest (wandering).

Vanquished Creatures
  Jeremiah (D:7)
  A troll (D:7)
  Grinder (D:6)
  A hornet (D:8)
  A water moccasin (D:7)
  A black bear (D:5)
  2 sky beasts (D:6)
  An ogre (D:7)
  4 centaurs
  3 bullfrogs
  3 scorpions (D:5)
  14 wights
  5 howler monkeys
  2 jellies
  4 orc priests
  2 bombardier beetles
  2 gnoll boudas
  A sleepcap (D:6)
  4 hounds
  Terence (D:3)
  3 iguanas (D:5)
  7 orc wizards
  12 gnolls
  8 adders
  A shadow imp (D:8)
  2 white imps
  5 dart slugs
  3 ribbon worms
  14 orcs
  7 bats
  4 endoplasms
  4 giant cockroaches
  6 goblins
  7 hobgoblins
  8 jackals
  5 quokkas
  6 ball pythons
  A frilled lizard (D:1)
  9 kobolds
  6 rats
172 creatures vanquished.

Vanquished Creatures (others)
  A centaur (D:8)
  2 orcs
3 creatures vanquished.

Grand Total: 175 creatures vanquished

Notes
Turn   | Place    | Note
-------+----------+-------------------------------------------
     0 | D:1      | Heh the Coglin Gladiator began the quest for the Orb.
     0 | D:1      | Reached XP level 1. HP: 16/16 MP: 1/1
   107 | D:1      | Reached XP level 2. HP: 12/23 MP: 2/2
   145 | D:1      | Found Qoerag's Antique Weapon Emporium.
   292 | D:1      | Reached XP level 3. HP: 26/28 MP: 3/3
   321 | D:1      | Found Itaaliruo's Magic Scroll Shop.
  1165 | D:2      | Reached skill level 4 in Long Blades
  1165 | D:2      | Reached XP level 4. HP: 35/35 MP: 4/4
  1634 | D:3      | Noticed Terence
  1644 | D:3      | Killed Terence
  1645 | D:3      | Reached XP level 5. HP: 34/42 MP: 5/5
  1775 | D:3      | HP: 1/42 [gnoll bouda/+0 whip (3)]
  1789 | D:3      | Identified a scroll of acquirement
  1789 | D:3      | Acquired 831 gold pieces
  2009 | D:3      | Reached skill level 5 in Long Blades
  2038 | D:3      | Reached XP level 6. HP: 45/49 MP: 6/6
  2148 | D:3      | Found a faded altar of an unknown god.
  2655 | D:1      | Bought a runed scimitar for 182 gold pieces
  2737 | D:5      | Entered Level 5 of the Dungeon
  2759 | D:5      | Reached skill level 5 in Fighting
  2777 | D:5      | Reached XP level 7. HP: 56/56 MP: 7/7
  2845 | D:5      | Found a shimmering altar of Xom.
  2915 | D:5      | Reached skill level 6 in Long Blades
  3270 | D:4      | Found Xenon's Weapon Boutique.
  3574 | D:4      | Reached XP level 8. HP: 35/65 MP: 8/8
  3578 | D:4      | Became a worshipper of Beogh the Shepherd
  3744 | D:5      | Reached skill level 7 in Long Blades
  3909 | D:5      | Found a staircase to the Ecumenical Temple.
  4581 | D:6      | Noticed Maggie
  4584 | D:6      | Banished Maggie
  4585 | D:6      | Reached skill level 8 in Long Blades
  4846 | D:6      | Reached XP level 9. HP: 74/74 MP: 9/9
  4848 | D:6      | Reached * piety under Beogh
  4854 | D:6      | Reached skill level 9 in Long Blades
  4937 | D:6      | Noticed Grinder
  4945 | D:6      | Paralysed by Grinder for 5 turns
  4953 | D:6      | Killed Grinder
  5011 | D:6      | Noticed Eustachio
  5015 | D:6      | Banished Eustachio
  5044 | D:6      | Found an opulent altar of Gozag.
  5159 | D:6      | Found a glowing silver altar of Zin.
  5377 | D:6      | Found a glowing golden altar of the Shining One.
  5396 | D:6      | Found a blossoming altar of Fedhas.
  5399 | D:6      | Found a stormy altar of Qazlal.
  5502 | D:7      | Reached skill level 10 in Long Blades
  5712 | D:7      | Noticed Jeremiah
  5737 | D:7      | Killed Jeremiah
  5948 | D:7      | Found an ancient bone altar of Kikubaaqudgha.
  6713 | D:7      | Reached XP level 10. HP: 75/78 MP: 10/10
  6769 | D:7      | Reached skill level 11 in Long Blades
  7674 | D:8      | Reached ** piety under Beogh
  8037 | D:9      | Noticed a kobold demonologist
  8037 | D:9      | Noticed a kobold demonologist
  8038 | D:9      | Noticed a kobold demonologist
  8048 | D:9      | Slain by an orc warrior

Illustrated notes

Levels and vault maps discovered:
D:1:      matt_arrival_spirals, layout_loops_cross, serial_shops,
          shop_fountains, nicolae_square_shop
D:2:      layout_loops_ring, minmay_box_of_dots
D:3:      layout_basic, serial_corexii_hall, chequers_hall_statues_corner_a,
          chequers_hall_statues_corner_a, ebering_ecumenical_altar_hall,
          uniq_terence
D:4:      layout_loops_cross, serial_shops, nicolae_shop_back_alley_shop
D:5:      minmay_general_purpose_star, layout_basic,
          regret_index_xom_buried_treasure, minmay_temple_entry_nine_rooms
D:6:      layout_loops_ring, tso_oasis_becter, general_overflow_altar,
          grunt_temple_overflow_forces_of_nature, grunt_gozag_statues,
          uniq_grinder, uniq_eustachio, uniq_maggie
D:7:      layout_layer_cave, kiku_gazebo_garden_becter,
          hangedman_abyss_or_decor_stabs, uniq_jeremiah
D:8:      layout_basic
D:9:      layout_cave_pools, nicolae_overflow_squiral, minmay_lair_entry_grove,
          orc_0_dummy, serial_shops, nicolae_shop_tiny_glass,
          serial_column_ruins, column_ruins_columns_corner,
          column_ruins_columns_water, column_ruins_corridor_corner,
          column_ruins_columns_straight, column_ruins_corridor_corner,
          column_ruins_grid_3, minmay_lizard_king, uniq_maurice

Skill      XL: |  1  2  3  4  5  6  7  8  9 10 |
---------------+-------------------------------+-----
Fighting       | 3 4 5 6 7 9 |  9.7
Long Blades    | 4 5 6 8 10 11 | 11.7
Dodging        | 3 |  3.2
Throwing       | |  1.7

Action                     |  1- 3 |  4- 6 |  7- 9 | 10-12 || total
---------------------------+-------+-------+-------+-------++-------
  Melee: Long sword        |    90 |   101 |   114 |    37 ||   342
         Dagger            |    81 |    87 |       |       ||   168
         Scimitar          |       |     7 |   127 |    43 ||   177
  Throw: Throwing net      |       |     3 |       |       ||     3
         Javelin           |       |     1 |       |       ||     1
 Invoke: Convert to Beogh  |       |       |     1 |       ||     1
  Evoke: Wand              |       |       |       |     3 ||     3
    Use: Scroll            |       |     7 |       |       ||     7
         Potion            |       |     2 |       |     4 ||     6
   Stab: Sleeping          |     2 |       |       |       ||     2
 Armour: Leather armour    |    58 |       |       |       ||    58
         Scale mail        |    18 |    74 |   109 |    10 ||   211
         Skin              |       |     3 |       |       ||     3
         Ring mail         |       |       |       |    50 ||    50
  Dodge: Dodged            |    80 |    54 |    58 |    43 ||   235

Table legend: (Time is in decaauts)
 A = Elapsed time spent in this place.
 B = Non-inter-level travel time spent in this place.
 C = Inter-level travel time spent in this place.
 D = Time resting spent in this place.
 E = Time spent auto-exploring this place.
 F = Levels seen in this place.
 G = Mean time per level.
                   A        B        C        D        E       F      G
               +--------+--------+--------+--------+--------+-----+--------+
         Total |   8044 |   7487 |    557 |    160 |   6301 |   9 |  893.8 |
       Dungeon |   8044 |   7487 |    557 |    160 |   6301 |   9 |  893.8 |
               +--------+--------+--------+--------+--------+-----+--------+

Top non-repeatable levels by time:
     D:7: 1663 daAuts
     D:5: 1039 daAuts
     D:6: 1023 daAuts
     D:4: 1001 daAuts
     D:2: 926 daAuts
     D:1: 852 daAuts
     D:8: 836 daAuts
     D:3: 686 daAuts
     D:9: 15 daAuts
